 Dungeon Crawl Stone Soup version 0.29.1-1-gd02db6906a (webtiles) character file.

Game seed: 6307258671451731397

11491 CryoSword the Slayer (level 11, -6/150 HPs)
             Began as an Ogre Berserker on Oct 16, 2022.
             Was a Believer of Trog.
             Mangled by a hellwing (8 damage)
             ... on level 10 of the Dungeon on Oct 18, 2022.
             The game lasted 00:27:35 (15060 turns).

CryoSword the Slayer (Ogre Berserker)              Turns: 15060, Time: 00:27:36

Health: -6/150     AC:  5    Str: 29    XL:     11   Next: 78%
Magic:  20/20      EV: 10    Int:  8    God:    Trog [**....]
Gold:   244        SH:  0    Dex: 12    Spells: 10/10 levels left

rFire   . . .      SeeInvis .   q - +2 quarterstaff (vorpal)
rCold   . . .      Faith    .   (shield currently unavailable)
rNeg    . . .      Spirit   .   c - +2 robe {Will+}
rPois   .          Reflect  .   (helmet restricted)
rElec   .          Harm     .   (no cloak)
rCorr   .          Rampage  .   (gloves unavailable)
Will    ++...                   (boots unavailable)
Stlth   ++........              (no amulet)
HPRegen 0.35/turn               p - ring of magical power
MPRegen 0.17/turn               C - +6 ring of strength

@: mighty, on berserk cooldown, slowed, very slow
A: large, unfitting armour, tough skin 1
a: Renounce Religion, Berserk, Trog's Hand


You were on level 10 of the Dungeon.
You worshipped Trog.
Trog was pleased with you.
You visited 1 branch of the dungeon, and saw 10 of its levels.

You collected 603 gold pieces.
You spent 359 gold pieces at shops.

Inventory:

Hand Weapons
 q - a +2 vorpal quarterstaff (weapon)
   (You found it on level 9 of the Dungeon)
Missiles
 i - 2 throwing nets
 B - 10 poisoned darts
 D - 3 atropa-tipped darts
Armour
 c - a +2 robe of willpower (worn)
   (You took it off Sigmund on level 2 of the Dungeon)
Jewellery
 p - a ring of magical power (left hand)
   (You found it on level 2 of the Dungeon)
 C - a +6 ring of strength (right hand)
   (You found it on level 7 of the Dungeon)
Wands
 y - a wand of acid (4) (quivered)
   (You found it on level 9 of the Dungeon)
 E - a wand of roots (21)
   (You found it on level 8 of the Dungeon)
Scrolls
 a - a scroll of brand weapon
 b - 4 scrolls of blinking
 d - 5 scrolls of enchant weapon
 e - 2 scrolls of butterflies
 f - 3 scrolls of immolation {unknown}
 g - 3 scrolls of fear
 h - a scroll of silence {unknown}
 l - 3 scrolls of magic mapping
 m - 3 scrolls of vulnerability {!r}
 r - 6 scrolls of teleportation {@r4}
 s - 4 scrolls of enchant armour
 t - 3 scrolls of poison {!r}
 F - a scroll of summoning
Potions
 j - 4 potions of might
 k - 4 potions of mutation {!q}
 o - 4 potions of attraction {!q}
 u - 2 potions of cancellation
 w - a potion of magic {unknown}
 x - a potion of curing {unknown}
 z - a potion of resistance {unknown}
 A - a potion of haste {@q3}


   Skills:
 + Level 21.1 Fighting
 - Level 5.0(6.1) Axes
 + Level 5.0(5.8) Maces & Flails
 - Level 2.6 Dodging
 - Level 2.2 Stealth


You had 10 spell levels left.
You didn't know any spells.
Your spell library was empty.

Dungeon Overview and Level Annotations

Branches:
Dungeon (10/15)            Temple (0/1) D:7
   Lair: D:8-11         Orc: D:9-12

Altars:
Dithmenos
Fedhas
Kikubaaqudgha
Makhleb
Okawaru
Wu Jian
Zin

Shops:
D:4 ?(**


Innate Abilities, Weirdness & Mutations

You are too large for most types of armour.
You have tough skin. (AC +1)


Message History

Your skin crawls.
You feel strong-willed. The centaur warrior skeleton hits you.
* * * LOW HITPOINT WARNING * * *
The centaur warrior skeleton kicks you but does no damage.
You bludgeon the centaur warrior skeleton!!
You destroy the centaur warrior skeleton!
Trog accepts your kill.
You hit the centaur warrior zombie. The centaur warrior zombie hits you.
* * * LOW HITPOINT WARNING * * *
The centaur warrior zombie closely misses you.
The centaur warrior zombie hits you.
* * * LOW HITPOINT WARNING * * *
The centaur warrior zombie kicks you but does no damage.
You bludgeon the centaur warrior zombie!!
The centaur warrior zombie hits you.
* * * LOW HITPOINT WARNING * * *
The centaur warrior zombie barely misses you.
The centaur warrior zombie hits you!
* * * LOW HITPOINT WARNING * * *
The centaur warrior zombie kicks you but does no damage.
You hit the centaur warrior zombie.
You destroy the centaur warrior zombie!
Trog accepts your kill.
Your Fighting skill increases to level 21!
You feel the effects of Trog's Hand fading.
Your skin stops crawling.
You feel less strong-willed.
Key pressed, stopping explore.
Key pressed, stopping explore.
There is an open door here.
A hellwing comes into view.
A hellwing is nearby!
No reachable target in view!
No reachable target in view!
Found a spear. 2 hellwings come into view.
Found the +4 Cigotuvi's embrace {rMiasma Drain rN+}.
The hellwing swoops through the air toward you!
The hellwing hits you! The hellwing hits you.
You sock the hellwing!
The hellwing gives a chilling moan. x2
The hellwing hits you! The hellwing closely misses you. x2
The hellwing hits you. The hellwing closely misses you.
The hellwing completely misses you. The hellwing attacks as you move away!
The hellwing hits you! The hellwing hits you. The hellwing hits you!
The hellwing hits you.
There is an open door here.
You hit the hellwing but do no damage. The hellwing closely misses you.
The hellwing misses you.
You completely miss the hellwing. The hellwing hits you!
The hellwing closely misses you.
You hit the hellwing.
The hellwing hits you but does no damage. x2
A red film seems to cover your vision as you go berserk!
You feel yourself moving faster!
You feel mighty! The hellwing hits you.
The hellwing hits you but does no damage.
You bludgeon the hellwing!! The hellwing hits you. The hellwing hits you!
You hit the hellwing but do no damage. You hit the hellwing but do no damage.
The hellwing hits you!
* * * LOW HITPOINT WARNING * * *
The hellwing hits you.
* * * LOW HITPOINT WARNING * * *
You sock the hellwing! The hellwing hits you!
* * * LOW HITPOINT WARNING * * *
The hellwing closely misses you.
You hit the hellwing but do no damage. The hellwing barely misses you.
The hellwing hits you!
* * * LOW HITPOINT WARNING * * *
You thump the hellwing!
You kill the hellwing!
Trog accepts your kill.
You hit the hellwing but do no damage. The hellwing barely misses you.
The hellwing hits you but does no damage.
You closely miss the hellwing. You hit the hellwing but do no damage.
The hellwing completely misses you.
The hellwing hits you but does no damage.
You hit the hellwing. The hellwing hits you!
* * * LOW HITPOINT WARNING * * *
The hellwing hits you.
* * * LOW HITPOINT WARNING * * *
You hit the hellwing. The hellwing hits you.
* * * LOW HITPOINT WARNING * * *
The hellwing hits you!
* * * LOW HITPOINT WARNING * * *
You thump the hellwing! You sock the hellwing! The hellwing hits you.
* * * LOW HITPOINT WARNING * * *
The hellwing barely misses you.
You hit the hellwing. The hellwing closely misses you. The hellwing hits you.
* * * LOW HITPOINT WARNING * * *
You thump the hellwing!
The hellwing hits you but does no damage.
The hellwing hits you.
* * * LOW HITPOINT WARNING * * *
You bludgeon the hellwing!!
You kill the hellwing!
Trog accepts your kill.
Your Maces & Flails skill increases to level 5!
You hit the hellwing but do no damage. You thump the hellwing!
You are no longer berserk.
You are exhausted.
You feel yourself slow down. The hellwing barely misses you.
The hellwing hits you.
* * * LOW HITPOINT WARNING * * *
Okay, then.
Your skin crawls.
You feel strong-willed. The hellwing hits you.
* * * LOW HITPOINT WARNING * * *
The hellwing completely misses you. The hellwing closely misses you.
The hellwing hits you.
* * * LOW HITPOINT WARNING * * *
You hit the hellwing. The hellwing closely misses you. The hellwing hits you.
* * * LOW HITPOINT WARNING * * *
You sock the hellwing! The hellwing barely misses you. x2
The hellwing closely misses you. The hellwing hits you.
* * * LOW HITPOINT WARNING * * *
You feel very mighty all of a sudden.
You feel the effects of Trog's Hand fading.
The hellwing hits you but does no damage.
The hellwing hits you.
* * * LOW HITPOINT WARNING * * *
The hellwing hits you!
* * * LOW HITPOINT WARNING * * *
The hellwing misses you.
Okay, then.
You hit the hellwing. The hellwing hits you.
* * * LOW HITPOINT WARNING * * *
The hellwing hits you but does no damage.
You hit the hellwing but do no damage. The hellwing completely misses you.
The hellwing barely misses you. The hellwing hits you.
* * * LOW HITPOINT WARNING * * *
The hellwing closely misses you.
You sock the hellwing!
Your skin stops crawling.
You feel less strong-willed. The hellwing barely misses you.
The hellwing closely misses you. The hellwing barely misses you.
The hellwing closely misses you.
You hit the hellwing.
The hellwing hits you but does no damage.
The hellwing hits you.
* * * LOW HITPOINT WARNING * * *
You hit the hellwing but do no damage. The hellwing barely misses you.
The hellwing misses you. The hellwing hits you.
* * * LOW HITPOINT WARNING * * *
The hellwing hits you.
* * * LOW HITPOINT WARNING * * *
You hit the hellwing but do no damage. The hellwing hits you!
You die...

######## #......#
#.##############
#.#.####.......##
#..#@##........)#
#.#4##...#####...
#.#..#...#÷÷÷#...
#....'..(#÷÷÷#..[
###.##...#÷÷÷#...
#.##..4#####...
#.###...4.....#
#.# ##.......##
#.# ##########


You could see a hellwing.

Vanquished Creatures
  Josephine (D:10)
  A hydra (D:8)
  A centaur warrior (D:9)
  A deep elf pyromancer (D:8)
  A centaur zombie (D:10)
  2 centaur skeletons (D:10)
  A komodo dragon (D:8)
  2 hellwings (D:10)
  3 trolls
  A slime creature (D:8)
  3 hornets
  Sigmund (D:2)
  5 wraiths (D:10)
  10 yaks
  3 steam dragons
  A water moccasin (D:6)
  2 black bears
  An orc warrior (D:7)
  An ice beast (D:5)
  3 sky beasts
  2 ogres (D:6)
  3 centaurs
  4 phantoms
  A kobold brigand (D:7)
  2 bullfrogs
  A gnoll sergeant (D:8)
  2 necrophages
  4 scorpions (D:5)
  5 wights (D:8)
  8 killer bees
  2 howler monkeys (D:10)
  A jelly (D:4)
  4 hounds
  6 orc priests
  3 iron imps (D:3)
  Terence (D:2)
  An iguana (D:7)
  4 orc wizards
  3 gnolls (D:8)
  8 adders
  3 ufetubi
  A worm (D:4)
  A dart slug (D:2)
  22 orcs
  12 bats
  3 endoplasms
  3 giant cockroaches
  4 goblins
  4 hobgoblins
  13 jackals
  13 kobolds
  A quokka (D:5)
  6 ball pythons
  6 frilled lizards
  6 rats
  A spectral kobold (D:1)
208 creatures vanquished.

Vanquished Creatures (others)
  A bush (D:9)
  6 plants (D:1)
7 creatures vanquished.

Grand Total: 215 creatures vanquished

Notes
Turn   | Place    | Note
-------+----------+-------------------------------------------
     0 | D:1      | CryoSword the Ogre Berserker began the quest for the Orb.
     0 | D:1      | Reached XP level 1. HP: 24/24 MP: 1/1
   219 | D:1      | Reached XP level 2. HP: 33/33 MP: 2/2
   480 | D:1      | Reached skill level 5 in Fighting
   550 | D:1      | Found a faded altar of an unknown god.
   824 | D:1      | Reached ** piety under Trog
   826 | D:1      | Reached XP level 3. HP: 37/42 MP: 3/3
  1379 | D:2      | Reached skill level 6 in Fighting
  1415 | D:2      | Reached XP level 4. HP: 53/53 MP: 4/4
  1497 | D:2      | Noticed Terence
  1506 | D:2      | Killed Terence
  1604 | D:2      | Noticed Sigmund
  1618 | D:2      | Killed Sigmund
  1619 | D:2      | Reached skill level 8 in Fighting
  1619 | D:2      | Reached XP level 5. HP: 66/66 MP: 5/5
  1619 | D:2      | Reached XP level 6. HP: 74/74 MP: 6/6
  1886 | D:2      | Identified the +7 falchion "Ecvo" {freeze, MP+9 Int+3
                  | Stlth-}
  2297 | D:3      | Reached skill level 9 in Fighting
  2595 | D:3      | Found a burning altar of Makhleb.
  2982 | D:4      | Reached skill level 10 in Fighting
  2996 | D:4      | Reached XP level 7. HP: 85/85 MP: 7/7
  3058 | D:4      | Found Ollatwek's General Store.
  3165 | D:4      | Bought a potion of attraction for 36 gold pieces
  3165 | D:4      | Bought a scroll of identify for 24 gold pieces
  3165 | D:4      | Bought a potion of heal wounds for 60 gold pieces
  3184 | D:4      | Found an ancient bone altar of Kikubaaqudgha.
  3222 | D:4      | Reached *** piety under Trog
  3258 | D:4      | Found Nofosh's Weapon Shoppe.
  3277 | D:4      | Found Niofoyta's Magic Scroll Boutique.
  3280 | D:4      | Bought a scroll of poison for 44 gold pieces
  3280 | D:4      | Bought a scroll of fear for 44 gold pieces
  3420 | D:4      | Noticed a steam dragon
  3426 | D:4      | Killed a steam dragon
  3626 | D:4      | Found Guihorph's Assorted Antiques.
  3636 | D:4      | Bought a sedimented silvery potion for 26 gold pieces
  3636 | D:4      | Bought a glowing blue potion for 26 gold pieces
  3674 | D:4      | Found a glowing silver altar of Zin.
  3855 | D:5      | Entered Level 5 of the Dungeon
  3896 | D:5      | Reached skill level 11 in Fighting
  3914 | D:5      | Reached skill level 1 in Stealth
  3931 | D:5      | Reached XP level 8. HP: 74/97 MP: 8/8
  4178 | D:5      | Reached skill level 12 in Fighting
  4425 | D:5      | You fall into a shaft and drop 1 floor!
  4533 | D:5      | Found a shadowy altar of Dithmenos.
  4585 | D:5      | Noticed a hornet
  4592 | D:5      | Killed a hornet
  4593 | D:5      | Reached skill level 13 in Fighting
  5198 | D:5      | Reached skill level 14 in Fighting
  5439 | D:6      | Reached XP level 9. HP: 66/114 MP: 9/9
  6101 | D:6      | Reached skill level 15 in Fighting
  7621 | D:7      | Reached skill level 16 in Fighting
  8616 | D:7      | Found a staircase to the Ecumenical Temple.
  8634 | D:7      | Noticed a hornet
  8641 | D:7      | Killed a hornet
  8680 | D:7      | Found a blossoming altar of Fedhas.
  8681 | D:7      | Found an iron altar of Okawaru.
  8856 | D:8      | Reached skill level 17 in Fighting
  8858 | D:8      | Reached XP level 10. HP: 99/131 MP: 10/10
  8874 | D:8      | Reached skill level 18 in Fighting
  9987 | D:8      | Noticed a five-headed hydra
 10226 | D:8      | Killed a five-headed hydra
 10227 | D:8      | Reached skill level 19 in Fighting
 10778 | D:8      | Reached skill level 1 in Axes
 11339 | D:8      | Noticed a deep elf pyromancer
 11356 | D:8      | Killed a deep elf pyromancer
 11473 | D:8      | Reached XP level 11. HP: 132/132 MP: 11/11
 11859 | D:9      | Reached skill level 20 in Fighting
 12176 | D:9      | Found an ornate altar of the Wu Jian Council.
 12520 | D:9      | Noticed a centaur warrior
 12804 | D:9      | Killed a centaur warrior
 13093 | D:4      | Bought a scroll of identify for 22 gold pieces
 13093 | D:4      | Bought a scroll of identify for 22 gold pieces
 13093 | D:4      | Bought a scroll of identify for 22 gold pieces
 13093 | D:4      | Bought a scroll of teleportation for 33 gold pieces
 13274 | D:9      | Paralysed by a hornet for 3 turns
 13294 | D:9      | Reached skill level 5 in Axes
 13944 | D:10     | Entered Level 10 of the Dungeon
 13945 | D:10     | Noticed Josephine
 14025 | D:10     | Killed Josephine
 14660 | D:10     | Reached skill level 21 in Fighting
 15019 | D:10     | Found the +4 Cigotuvi's embrace {rMiasma Drain rN+}
 15049 | D:10     | Reached skill level 5 in Maces & Flails
 15056 | D:10     | HP: 4/150 [hellwing (6)]
 15059 | D:10     | HP: 1/150 [hellwing (1)]
 15060 | D:10     | Mangled by a hellwing

Illustrated notes

Levels and vault maps discovered:
D:1:      evilmike_arrival_plus, layout_basic,
          dreamdust_ecumenical_altar_drowned_temple, serial_bayou_lagoon_b
D:2:      layout_loops_ring, grunt_ministairs_11, minmay_tripent, uniq_sigmund,
          uniq_terence
D:3:      layout_basic, demons_altar
D:4:      layout_gridville, kiku_gazebo_pond_becter,
          mainiacjoe_overflow_small_starburst, serial_shops,
          nicolae_shop_behind_doors, nicolae_square_shop, nicolae_shop_crystal,
          shop, chequers_jeans
D:5:      layout_rooms, mainiacjoe_overflow_cross_hatched,
          minmay_misc_feat_tower
D:6:      layout_basic
D:7:      layout_cave_pools, mainiacjoe_overflow_divided_tiny,
          minmay_temple_entry_overgrown
D:8:      layout_loops_corners, kb_rosetta
D:9:      layout_big_octagon, mainiacjoe_overflow_alcove_1,
          kb_lookout_dungeons_type
D:10:     layout_loops_cross, erik_lair_island, david_orc_4,
          hellmonk_guarded_unrand_cigotuvi, uniq_josephine

Skill      XL: |  1  2  3  4  5  6  7  8  9 10 11 |
---------------+----------------------------------+-----
Fighting       | 5 6 8 10 11 14 17 19 21 | 21.1
Stealth        | 2 |  2.2
Axes           | 3 5 |  5.0
Maces & Flails | 5 |  5.0
Dodging        | |  2.6

Action                   |  1- 3 |  4- 6 |  7- 9 | 10-12 || total
-------------------------+-------+-------+-------+-------++-------
Melee: Short sword       |   149 |    48 |       |       ||   197
       Punch             |     2 |     1 |     6 |       ||     9
       Falchion          |       |    54 |   262 |    65 ||   381
       Morningstar       |       |       |       |    46 ||    46
       Quarterstaff      |       |       |       |   169 ||   169
Throw: Dart              |       |       |       |     1 ||     1
Invok: Berserk           |     3 |     2 |     9 |    13 ||    27
       Trog's Hand       |       |     2 |     4 |     8 ||    14
Evoke: Wand              |       |       |       |     1 ||     1
  Use: Scroll            |       |     6 |     7 |     6 ||    19
       Potion            |       |       |       |     3 ||     3
Armor: Animal skin       |    74 |     9 |       |       ||    83
       Robe              |       |    36 |   105 |   112 ||   253
Dodge: Dodged            |   129 |    53 |   201 |   202 ||   585
